 Dungeon Crawl Stone Soup version 0.27-a0-1154-gfdeffcb720 (webtiles) character file.

Game seed: 14797795501117173685

2797 leviel the Grappler (level 9, -3/84 HPs)
             Began as a Troll Monk on May 14, 2021.
             Slain by a swamp worm (9 damage)
             ... on level 7 of the Dungeon.
             The game lasted 00:07:18 (5122 turns).

leviel the Grappler (Troll Monk)                    Turns: 5122, Time: 00:07:19

Health: -3/84      AC:  6    Str: 24    XL:     9   Next: 43%
Magic:  8/8        EV: 11    Int:  8    God:
Gold:   158        SH:  0    Dex: 12    Spells: 8/8 levels left

rFire    . . .     SeeInvis .     - Unarmed
rCold    + . .     Faith    .   (no shield)
rNeg     . . .     Spirit   .   a - +0 robe
rPois    +         Reflect  .   (helmet restricted)
rElec    .         Harm     .   (no cloak)
rCorr    .         Rampage  .   (gloves unavailable)
Will     .....                  (boots unavailable)
Stlth    ++........             (no amulet)
HPRegen  1.24/turn              b - ring of protection from cold
MPRegen  0.11/turn              (no ring)

@: no status effects
A: large, unfitting armour, claws 3, regeneration 1, shaggy fur 1, tough skin 1,
iridescent scales 1, clever 1, poison resistance
a: no special abilities


You were on level 7 of the Dungeon.
You visited 2 branches of the dungeon, and saw 8 of its levels.

You collected 424 gold pieces.
You spent 266 gold pieces at shops.

Inventory:

Armour
 a - a +0 robe (worn)
Jewellery
 b - a ring of protection from cold (left claw)
 o - a ring of fire
Wands
 h - a wand of flame (25)
 r - a wand of polymorph (11)
 s - a wand of iceblast (12)
Scrolls
 c - 10 scrolls of identify {unknown}
 d - 4 scrolls of magic mapping {unknown}
 e - 2 scrolls of summoning {unknown}
 i - 2 scrolls of fear {unknown}
 j - 2 scrolls of noise {unknown}
 m - 2 scrolls of enchant armour {unknown}
 n - a scroll of immolation {unknown}
 u - a scroll of amnesia {unknown}
 w - a scroll of fog {unknown}
 x - a scroll of teleportation {unknown}
 y - a scroll of blinking {unknown}
Potions
 f - 2 potions of brilliance
 g - 4 potions of curing
 k - a potion of flight {unknown}
 l - a potion of cancellation {unknown}
 p - 2 potions of attraction {unknown}
 q - a potion of haste {unknown}
 v - a potion of lignification {unknown}
 z - a potion of resistance


   Skills:
 + Level 3.9 Fighting
 + Level 4.8 Dodging
 + Level 2.3 Stealth
 * Level 11.2 Unarmed Combat


You had 8 spell levels left.
You didn't know any spells.
Your spell library contained the following spells:

 Spells                   Type           Power      Damage    Failure   Level
 Animate Skeleton         Necr           0%         N/A       41%         1
 Apportation              Tloc           0%         N/A       41%         1
 Beastly Appendage        Tmut           0%         N/A       41%         1
 Corona                   Hex            0%         N/A       41%         1
 Freeze                   Ice            0%         1d3       41%         1
 Pain                     Necr           0%         1d4       41%         1
 Shock                    Conj/Air       0%         1d3       41%         1
 Corpse Rot               Necr/Air       N/A        N/A       54%         2
 Static Discharge         Conj/Air       0%         N/A       54%         2
 Sublimation of Blood     Necr           0%         N/A       54%         2
 Swiftness                Air            0%         N/A       78%         3
 Vampiric Draining        Necr           0%         2d6       78%         3
 Airstrike                Air            0%         N/A       99%         4
 Animate Dead             Necr           0%         N/A       99%         4
 Dispel Undead            Necr           0%         3d6       99%         4
 Agony                    Necr           0%         N/A       100%        5
 Excruciating Wounds      Necr           0%         N/A       100%        5
 Lightning Bolt           Conj/Air       0%         1d11      100%        5


Dungeon Overview and Level Annotations

Branches:
Dungeon (7/15)             Temple (1/1) D:5

Altars:
Ashenzari
Cheibriados
Dithmenos
Elyvilon
Fedhas
Gozag
Kikubaaqudgha
Makhleb
Nemelex Xobeh
Okawaru
Ru
Sif Muna
Trog
Uskayaw
Vehumet
Xom
Yredelemnul
The Shining One

Shops:
D:3 !   D:6 !   D:7 (


Innate Abilities, Weirdness & Mutations

You are too large for most types of armour.
You have claws for hands.
Your natural rate of healing is unusually fast.
You are covered in fur. (AC +1)
You have tough skin. (AC +1)
You are partially covered in iridescent scales. (AC +2)
Your mind is acute. (Int +2)
Your system is resistant to poisons. (rPois)


Message History

The swamp worm fires a harpoon shot at you.
The harpoon shot hits you.
You are yanked forward by the harpoon shot.
Splash!
The swamp worm bites you. x2
The swamp worm closely misses you. The swamp worm bites you!!
* * * LOW HITPOINT WARNING * * *
You feel much better.
The swamp worm bites you but does no damage.
The swamp worm completely misses you.
You claw the swamp worm!
The swamp worm is almost dead.
The swamp worm misses you. x2
You closely miss the swamp worm.
The swamp worm is almost dead.
The swamp worm bites you! x2
* * * LOW HITPOINT WARNING * * *
You mangle the swamp worm!!
You kill the swamp worm!
The swamp worm bites you!!
* * * LOW HITPOINT WARNING * * *
You feel much better. The swamp worm completely misses you.
You scratch the swamp worm.
The swamp worm is lightly wounded.
The swamp worm closely misses you.
You barely miss the swamp worm.
The swamp worm is lightly wounded.
The swamp worm bites you!!
* * * LOW HITPOINT WARNING * * *
You feel better. The swamp worm closely misses you.
You barely miss the swamp worm.
The swamp worm is lightly wounded.
The swamp worm bites you.
* * * LOW HITPOINT WARNING * * *
You closely miss the swamp worm. The swamp worm bites you!!
* * * LOW HITPOINT WARNING * * *
You claw the swamp worm! Your claw misses the swamp worm.
The swamp worm is moderately wounded.
The swamp worm bites you!
You die...

# #...# #.# ### #.#.#
#.######## ..# #.#.######
#<.......# ..#######........#
##≈≈≈≈≈..##
............####.###≈≈≈≈≈≈≈..#
..#######..#####.#≈≈≈≈###≈≈≈≈##
..# #...(....≈≈≈###≈###≈≈≈#
..########.#####.≈≈≈#≈≈≈≈≈##≈≈#
.........).# #@w†≈≈≈}≈≈≈ #≈≈#
############ #.≈≈≈#≈≈≈≈≈##≈≈#
#.≈≈≈###(###≈≈≈#
#.#≈≈≈≈###≈≈≈≈##
#.#..≈≈≈≈≈≈≈.## #.###.≈≈≈≈≈#[#
#.###.#..###.# #........###.#
####.##.....#


You could see a swamp worm.

Vanquished Creatures
  Pikel (D:5)
  Sigmund (D:5)
  A swamp worm (D:7)
  A water moccasin (D:6)
  A black bear (D:6)
  An ice beast (D:6)
  A hornet zombie (D:7)
  An orc warrior (D:6)
  A necrophage (D:7)
  3 ogres
  A lemure (D:5)
  2 centaurs
  2 bullfrogs (D:7)
  3 scorpions
  An electric eel (D:6)
  3 bullfrog zombies
  2 centaur zombies (D:6)
  A jelly (D:6)
  An orc priest (D:6)
  3 centaur skeletons
  A gnoll shaman (D:7)
  4 hounds
  Ijyb (D:3)
  3 iguanas (D:5)
  An orc wizard (D:6)
  A hound skeleton (D:4)
  4 gnolls (D:7)
  A howler monkey skeleton (D:4)
  6 adders
  A shadow imp (D:6)
  A worm (D:2)
  2 orcs
  7 ball pythons
  8 bats
  4 endoplasms
  2 giant cockroaches
  11 goblins
  8 hobgoblins
  5 jackals
  A kobold (D:4)
  3 quokkas
  6 frilled lizards (D:1)
  3 rats
115 creatures vanquished.

Vanquished Creatures (others)
  An orc (D:6)
  4 plants (D:7)
5 creatures vanquished.

Grand Total: 120 creatures vanquished

Notes
Turn   | Place    | Note
-------+----------+-------------------------------------------
     0 | D:1      | leviel the Troll Monk began the quest for the Orb.
     0 | D:1      | Reached XP level 1. HP: 22/22 MP: 0/0
    73 | D:1      | Reached XP level 2. HP: 27/29 MP: 1/1
   271 | D:1      | Reached XP level 3. HP: 35/36 MP: 2/2
   471 | D:1      | Gained mutation: You are partially covered in iridescent
                  | scales. (AC +2) [potion of mutation]
   471 | D:1      | Gained mutation: Your mind is acute. (Int +2) [potion of
                  | mutation]
   471 | D:1      | Gained mutation: Your system is resistant to poisons.
                  | (rPois) [potion of mutation]
  1066 | D:3      | Identified Theurgy for Beginners
  1116 | D:3      | Reached skill level 4 in Unarmed Combat
  1181 | D:3      | Noticed Ijyb
  1189 | D:3      | Reached XP level 4. HP: 42/44 MP: 3/3
  1201 | D:3      | Killed Ijyb
  1353 | D:3      | Found Xesi's Distillery.
  1361 | D:3      | Bought a potion of might for 40 gold pieces
  1361 | D:3      | Bought a potion of curing for 30 gold pieces
  1585 | D:4      | Noticed a scorpion
  1597 | D:4      | Killed a scorpion
  1598 | D:4      | Reached XP level 5. HP: 24/50 MP: 4/4
  1807 | D:4      | Reached skill level 5 in Unarmed Combat
  1843 | D:4      | Found a blossoming altar of Fedhas.
  2489 | D:5      | Entered Level 5 of the Dungeon
  2500 | D:5      | Reached XP level 6. HP: 45/59 MP: 5/5
  2635 | D:5      | Noticed Pikel
  2692 | D:5      | Killed Pikel
  2693 | D:5      | Reached skill level 7 in Unarmed Combat
  2693 | D:5      | Reached XP level 7. HP: 9/67 MP: 6/6
  2872 | D:5      | Found a staircase to the Ecumenical Temple.
  2943 | Temple   | Entered the Ecumenical Temple
  3341 | D:5      | Reached skill level 8 in Unarmed Combat
  3364 | D:5      | Noticed Sigmund
  3370 | D:5      | Killed Sigmund
  3371 | D:5      | Reached XP level 8. HP: 74/75 MP: 7/7
  3920 | D:6      | Reached skill level 9 in Unarmed Combat
  4100 | D:6      | Found Nazxac's Distillery.
  4109 | D:6      | Bought a potion of degeneration for 14 gold pieces
  4109 | D:6      | Bought a potion of heal wounds for 70 gold pieces
  4109 | D:6      | Bought a potion of heal wounds for 70 gold pieces
  4109 | D:6      | Bought a potion of curing for 42 gold pieces
  4426 | D:6      | Reached skill level 10 in Unarmed Combat
  4434 | D:6      | Reached XP level 9. HP: 55/84 MP: 8/8
  4727 | D:7      | Found Zuetomuq's Weapon Emporium.
  4835 | D:7      | Found a broken altar of Ashenzari.
  5077 | D:7      | Reached skill level 11 in Unarmed Combat
  5114 | D:7      | HP: 4/84 [swamp worm (21)]
  5122 | D:7      | Slain by a swamp worm

Illustrated notes

Levels and vault maps discovered:
D:1:      scummos_arrival_simple_fountains, layout_rooms,
          grunt_decor_one_mirror, minmay_heptomino_l4
D:2:      layout_loops_ring
D:3:      layout_rooms, serial_shops, shop, lemuel_another_geyser, uniq_ijyb
D:4:      layout_basic, amcnicky_altar_gilded, serial_forest,
          infiniplex_forest_pool, infiniplex_forest_corner_2,
          infiniplex_forest_lined_3, infiniplex_forest_lined_3_way,
          infiniplex_forest_straight_3
D:5:      layout_loops_corners, minmay_temple_entry_statues_pillars,
          uniq_sigmund, uniq_pikel
D:6:      layout_loops_ring, serial_shops,
          nicolae_shop_temple_entry_statues_fountains, nicolae_lava_and_water,
          kennysheep_big_empty_room, minmay_increasing_density
D:7:      layout_loops_ring, nicolae_ashenzari_skybound,
          nicolae_wu_jian_immortal_techniques, serial_shops,
          nicolae_shop_waterfront, worms_lemuel
Temple:   compressed_dpeg_circular_temple

Skill      XL: |  1  2  3  4  5  6  7  8  9 |
---------------+----------------------------+-----
Dodging        | 3 4 |  4.8
Unarmed Combat | 4 5 7 8 10 11 | 11.2
Fighting       | 3 |  3.9
Stealth        | 2 |  2.3

Action                   |  1- 3 |  4- 6 |  7- 9 || total
-------------------------+-------+-------+-------++-------
Melee: Unarmed           |   106 |   127 |   152 ||   385
       Punch             |     1 |     3 |     3 ||     7
  Use: Potion            |     3 |     2 |     4 ||     9
 Stab: Sleeping          |     5 |     1 |       ||     6
       Distracted        |     1 |       |     1 ||     2
Armor: Robe              |    42 |    25 |    50 ||   117
Dodge: Dodged            |    44 |    50 |    81 ||   175

Table legend: (Time is in decaauts)
 A = Elapsed time spent in this place.
 B = Non-inter-level travel time spent in this place.
 C = Inter-level travel time spent in this place.
 D = Time resting spent in this place.
 E = Time spent auto-exploring this place.
 F = Levels seen in this place.
 G = Mean time per level.
                   A        B        C        D        E       F      G
               +--------+--------+--------+--------+--------+-----+--------+
         Total |   5086 |   4980 |    106 |    322 |   3868 |   8 |  635.8 |
       Dungeon |   5004 |   4906 |     98 |    322 |   3805 |   7 |  714.9 |
        Temple |     82 |     74 |      8 |      0 |     63 |   1 |   82.0 |
               +--------+--------+--------+--------+--------+-----+--------+

Top non-repeatable levels by time:
     D:5: 1119 daAuts
     D:6: 1014 daAuts
     D:4: 971 daAuts
     D:2: 560 daAuts
     D:1: 474 daAuts
     D:3: 466 daAuts
     D:7: 396 daAuts
  Temple: 82 daAuts
